 Dungeon Crawl Stone Soup version 0.31-a0-200-gbc41564c69 (webtiles) character file.

Game seed: 8738278745336822569

101 qw the Shooter (level 4, 0/25 HPs)
             Began as a Deep Elf Hunter on June 25, 2023.
             Slain by a river rat (8 damage)
             ... in a sewer.
             The game lasted 00:00:49 (1977 turns).

qw the Shooter (Deep Elf Hunter)                    Turns: 1977, Time: 00:00:49

Health: 0/25       AC:  6    Str:  9 (10) XL:     4   Next: 48%
Magic:  6/6        EV: 10    Int: 13 (14) God:
Gold:   100        SH:  0    Dex: 17 (18) Spells: 3/3 levels left

rFire   . . .        Y - +2 shortbow
rCold   . . .        (shield currently unavailable)
rNeg    + . .        h - +0 ring mail
rPois   .            (no helmet)
rElec   .            (no cloak)
rCorr   .            (no gloves)
SInv    .            c - +0 pair of boots
Will    .....        (no amulet)
Stlth   +            e - ring of positive energy
HPRegen 0.24/turn    (no ring)
MPRegen 0.10/turn

%: no passive effects
@: no status effects
A: no striking features
a: no special abilities


You were in a sewer.
You visited 1 branch of the dungeon, and saw 3 of its levels.
You also visited: Sewer.

You collected 100 gold pieces.


   Skills:
 - Level 1.5 Fighting
 + Level 7.9 Ranged Weapons
 - Level 2.4 Dodging
 - Level 1.2 Stealth


You had 3 spell levels left.
You didn't know any spells.
Your spell library was empty.

Inventory:

Hand Weapons
 b - the +4 sling "Beastbane" {heavy, Will- Str+5}
   (You found it on level 3 of the Dungeon)

   Str:       It affects your strength (+5).
   Will:      It decreases your willpower.
 Y - a +2 shortbow (weapon)
Armour
 c - a +0 pair of boots (worn)
 h - a +0 ring mail (worn)
Jewellery
 e - a ring of positive energy (left hand)
Scrolls
 a - a scroll of identify
Potions
 d - a potion of cancellation
 g - a potion of curing

Dungeon Overview and Level Annotations

Branches:
Dungeon (3/15)              Sewer (1/1)

Altars:
Xom
The Shining One

Shops:
D:1 *


Message History

e - a ring of positive energy (left hand)
1964 ||| READING 2 scrolls of identify.
As you read the scroll of identify, it crumbles to dust.
j - a potion of magic;
1964 ||| IDENTIFYING inky potion
1965 ||| DROPPING potion of magic.
You drop a potion of magic.
You enter the shallow water.
Moving in this stuff is going to be slow.
You see here a giant cockroach corpse.
There is a glowing drain here.
You see here a quokka corpse.
Enter note:
Enter note:
Enter note:
Enter note: The world spins around you as you enter the gateway.
You enter a sewer!
Found a gate leading back out of this place.
There is an empty arch of ancient stone here.
Waypoint 3 assigned to Sewer.
You shoot an arrow. The arrow hits the river rat.
The river rat is moderately wounded.
You shoot an arrow. The arrow closely misses the river rat.
The arrow hits the rat!
You kill the rat!
The river rat twitches its whiskers.
The river rat bites you.
You shoot an arrow. The arrow closely misses the river rat.
The arrow hits the rat.
The rat is severely wounded.
The river rat closely misses you.
You shoot an arrow. The arrow hits the river rat.
The river rat is heavily wounded.
The river rat barely misses you. The river rat bites you.
You shoot an arrow. The arrow closely misses the river rat.
The arrow hits the rat.
The rat is severely wounded.
The river rat barely misses you. The river rat bites you.
You shoot an arrow. The arrow closely misses the river rat.
The arrow barely misses the rat.
The river rat bites you! x2
You die...

#.#
#.#
#.#
#.#
#.#
#r#
#r#
#@#
#r#
#r#
#.#
#.#
#.#
#.#
#~#


You could see 2 river rats and 2 rats.

Vanquished Creatures
  3 adders
  4 dart slugs
  4 bats
  7 endoplasms
  5 giant cockroaches (D:3)
  5 goblins
  5 hobgoblins
  7 quokkas
  6 ball pythons
  5 frilled lizards
  5 kobolds
  6 rats
62 creatures vanquished.

Notes
Turn   | Place    | Note
-------+----------+-------------------------------------------
     0 | D:1      | qw the Deep Elf Hunter began the quest for the Orb.
     0 | D:1      | Reached XP level 1. HP: 12/12 MP: 3/3
     0 | D:1      | 0 ||| qw: Version: 0.3-a-22-g0ed2b0b
     0 | D:1      | 0 ||| qw: Game counter: 5505
     0 | D:1      | 0 ||| qw: Melee chars always use a shield: true
     0 | D:1      | 0 ||| qw: God list: Okawaru
     0 | D:1      | 0 ||| qw: Allow faded altars: false
     0 | D:1      | 0 ||| qw: Do Orc after clearing Dungeon:15 true
     0 | D:1      | 0 ||| qw: Do second Lair branch before Depths: true
     0 | D:1      | 0 ||| qw: Lair rune preference: random
     0 | D:1      | 0 ||| qw: Goals: Normal
     0 | D:1      | 0 ||| PLANNING D:1-11
    93 | D:1      | Reached XP level 2. HP: 16/16 MP: 4/4
    96 | D:1      | Reached skill level 6 in Ranged Weapons
   172 | D:1      | Found Uguasch's General Store.
   176 | D:1      | 176 ||| SHOPLISTING potion of cancellation (112 gold, have
                  | 35).
   176 | D:1      | 176 ||| SHOPLISTING potion of curing (42 gold, have 35).
   176 | D:1      | 176 ||| SHOPLISTING potion of mutation (112 gold, have 35).
   696 | D:1      | 696 ||| UPGRADING to +0 ring mail.
   706 | D:1      | 706 ||| DROPPING +0 leather armour.
   707 | D:1      | 707 ||| READING 3 scrolls labelled ZAFAHARAGO.
   708 | D:1      | 708 ||| READING scroll labelled CUMESU QOHYRHU.
   709 | D:1      | 709 ||| READING 2 scrolls of identify.
   709 | D:1      | 709 ||| IDENTIFYING blue potion
   710 | D:1      | 710 ||| DROPPING scroll of butterflies.
   771 | D:2      | Reached XP level 3. HP: 20/20 MP: 5/5
   886 | D:2      | 886 ||| FLEEEEING.
   887 | D:2      | 887 ||| FLEEEEING.
   888 | D:2      | 888 ||| FLEEEEING.
  1085 | D:2      | Reached skill level 7 in Ranged Weapons
  1418 | D:2      | 1418 ||| READING scroll labelled VAMASH JAILIVI.
  1419 | D:2      | 1419 ||| READING 2 scrolls labelled UGOFENK FYOM.
  1420 | D:2      | 1420 ||| READING scroll of enchant weapon.
  1420 | D:2      | 1420 ||| ENCHANTING +1 shortbow.
  1421 | D:2      | 1421 ||| READING scroll labelled VUOSOSOOCW.
  1422 | D:2      | 1422 ||| READING scroll labelled EDIDEXK SEMN.
  1423 | D:2      | 1423 ||| DRINKING 3 silvery potions.
  1424 | D:2      | 1424 ||| READING 2 scrolls of identify.
  1424 | D:2      | 1424 ||| IDENTIFYING black potion
  1425 | D:2      | 1425 ||| DROPPING 2 potions of degeneration.
  1464 | D:3      | 1464 ||| PLANNING SEWER
  1503 | D:3      | HP: 4/20 [adder (4)]
  1506 | D:3      | Reached XP level 4. HP: 3/25 MP: 6/6
  1603 | D:3      | Identified the +4 sling "Beastbane" {heavy, Will- Str+5}
  1619 | D:3      | Found a shimmering altar of Xom.
  1874 | D:3      | Found a glowing golden altar of the Shining One.
  1934 | D:3      | 1934 ||| Stepping ~*~*~tactically~*~*~ (water).
  1946 | D:3      | Found a glowing drain.
  1951 | D:3      | 1951 ||| UPGRADING to +0 pair of boots.
  1963 | D:3      | 1963 ||| UPGRADING to ring of positive energy.
  1964 | D:3      | 1964 ||| READING 2 scrolls of identify.
  1964 | D:3      | 1964 ||| IDENTIFYING inky potion
  1965 | D:3      | 1965 ||| DROPPING potion of magic.
  1971 | Sewer    | Entered a sewer
  1977 | Sewer    | Slain by a river rat

Levels and vault maps discovered:
D:1:      dpeg_arrival_more_subterranean_lakeside_camping, layout_basic,
          serial_shops, nicolae_shop_pleasant_corner_grove
D:2:      minmay_alternating_diamond, layout_loops_ring
D:3:      layout_basic, xom_teletrap_fun, lemuel_round_altar,
          gup_sewer_entry_pipe
Sewer:    sewer_kobolds

Skill      XL: |  1  2  3 |
---------------+----------+-----
Ranged Weapons | 6 7 |  7.9
Fighting       | |  1.5
Dodging        | |  2.4
Stealth        | |  1.2

Action                     |  1- 3 |  4- 6 || total
---------------------------+-------+-------++-------
   Fire: Shortbow          |   118 |    62 ||   180
    Use: Scroll            |     9 |     1 ||    10
         Potion            |     1 |       ||     1
 Armour: Leather armour    |     2 |       ||     2
         Ring mail         |    16 |     1 ||    17
  Dodge: Dodged            |    29 |     8 ||    37

Table legend:
 A = Non-vault XP
 B = Vault XP
 C = Vault XP percentage of total XP
 D = Non-vault monster count
 E = Vault monster count
 F = Vault count percentage of total count
                 A         B        C        D         E       F
            +---------+---------+-------+---------+---------+-------
      Total |     120 |      25 |  17.2 |      48 |      14 |  22.6
            +---------+---------+-------+---------+---------+-------
        D:1 |      38 |       0 |   0.0 |      21 |       0 |   0.0
        D:2 |      42 |       4 |   8.7 |      17 |       3 |  15.0
        D:3 |      40 |      20 |  33.3 |      10 |      10 |  50.0
      Sewer |       0 |       1 | 100.0 |       0 |       1 | 100.0
            +---------+---------+-------+---------+---------+-------
